AoeStats
← Darioo091867

Coastal Forest

510359066Analyzed
2v2 RM · 2d ago on Sep 30, 2026· 53m 13s· 4 players
Game mode
Random Map
Map size
Medium (4 player)
Population
200
Speed
Normal
Resources
Standard
Victory
Conquest
Starting age
Dark Age
Ending age
Imperial Age
RankedLock teamsTeams togetherTeam positionsShared explorationLock speedFull tech treeHidden civsTurbo modeCheats
Victory
Defeat
🇪🇸 Chinese · Spain
719
+14
🇪🇸 Celts · Spain
632
+18
🇦🇷 Romans · Argentina
678
-16
🇦🇷 Persians · Argentina
664
-16
Darioo091867
11:59 Feudal Age
12:57 Man-at-Arms
13:20 Horse Collar
19:13 Scale Mail Armor
19:24 Forging
24:22 Castle Age
25:58 Double-Bit Axe
29:07 Heavy Plow
30:09 Long Swordsman
30:35 Gambesons
31:09 Chain Mail Armor
31:00 Scale Barding Armor
31:31 Iron Casting
31:15 Bow Saw
34:57 Chain Barding Armor
34:43 Husbandry
35:07 Gold Mining
35:08 Stone Mining
36:09 Pikeman
36:50 Squires
36:36 Arson
41:59 Gold Shaft Mining
42:00 Stone Shaft Mining
45:36 Imperial Age
45:31 Cavalier
47:52 Ballistics
47:55 Savar
PulpoPol
10:57 Feudal Age
11:52 Horse Collar
14:26 Loom
16:24 Double-Bit Axe
19:41 Man-at-Arms
20:35 Forging
20:25 Scale Mail Armor
22:49 Castle Age
23:05 Gold Mining
23:10 Long Swordsman
24:29 Iron Casting
24:09 Chain Mail Armor
24:38 Chain Mail Armor
32:49 Bow Saw
34:33 Wheelbarrow
35:25 Stone Mining
36:11 Gold Shaft Mining
39:02 Heavy Plow
42:41 Imperial Age
41:04 Hand Cart
41:56 Ballistics
42:46 Legionary
44:28 Blast Furnace
43:39 Heavy Scorpion
44:45 Comitatenses
44:46 Conscription
45:38 Chemistry
Fasterk0
0:39 Loom
15:01 Feudal Age
18:37 Horse Collar
22:29 Castle Age
20:50 Horse Collar
20:58 Double-Bit Axe
21:04 Gold Mining
21:06 Stone Mining
26:13 Fletching
26:51 Padded Archer Armor
27:25 Bodkin Arrow
33:00 Thumb Ring
33:12 Leather Archer Armor
33:19 Heavy Plow
33:57 Gold Shaft Mining
34:00 Stone Shaft Mining
33:38 Bow Saw
34:50 Wheelbarrow
37:50 Great Wall
42:11 Imperial Age
40:01 Hand Cart
44:09 Conscription
43:53 Town Watch
44:12 Bracer
44:43 Ring Archer Armor
45:13 Town Patrol
47:38 Rocketry
49:46 Chemistry
49:07 Ballistics
50:09 Elite Chu Ko Nu
azagrafs
10:46 Feudal Age
11:05 Loom
11:19 Double-Bit Axe
11:21 Horse Collar
17:14 Wheelbarrow
19:04 Arson
24:14 Castle Age
23:32 Forging
23:23 Scale Mail Armor
24:36 Pikeman
25:50 Gambesons
25:25 Man-at-Arms
28:59 Hand Cart
28:47 Heavy Plow
28:34 Man-at-Arms
33:33 Gold Mining
33:56 Bow Saw
35:10 Iron Casting
36:28 Stone Mining
37:00 Chain Mail Armor
37:23 Gold Shaft Mining
42:59 Imperial Age
41:25 Stone Shaft Mining
42:04 Fletching
42:14 Padded Archer Armor
42:53 Town Watch
43:19 Caravan
43:37 Halberdier
45:10 Elite Woad Raider
47:24 Blast Furnace
46:54 Plate Mail Armor
48:44 Capped Ram
49:55 Bodkin Arrow
50:15 Leather Archer Armor
54:00 Ring Archer Armor
52:55 Heavy Mounted Crossbowman
Connection lost

Rejoining the realm…

Still unreachable

The connection could not be restored.

Session expired

The server has moved on; the page needs a fresh start.